 Dungeon Crawl Stone Soup version 0.30-b1-2-g02819fbbbe (webtiles) character file.

Game seed: 9144353263682307314

249 raph the Stinger (level 5, -1/21 HPs)
             Began as a Felid Venom Mage on Nov 25, 2023.
             Killed by divine providence
             ... invoked by an orc priest
              (14 damage)
             ... on level 4 of the Dungeon.
             The game lasted 00:06:33 (3789 turns).

raph the Stinger (Felid Venom Mage)                 Turns: 3789, Time: 00:06:33

Health: -1/21      AC:  1    Str:  4    XL:     5   Next: 86%
Magic:  9/11       EV: 17    Int: 19    God:
Gold:   179        SH:  0    Dex: 16    Spells: 4/10 levels left
                                        Lives:  0   Deaths: 1

rFire   . . .        (weapon unavailable)
rCold   . . .        (shield unavailable)
rNeg    . . .        (body armour unavailable)
rPois   .            (helmet unavailable)
rElec   .            (cloak unavailable)
rCorr   .            (gloves unavailable)
SInv    +            (boots unavailable)
Will    .....        l - amulet of magic regeneration
Stlth   ++           (no ring)
HPRegen 0.23/turn    (no ring)
MPRegen 0.52/turn

%: no passive effects
@: quick
A: very small, claws 1, fangs 3, see invisible, speed 1, shaggy fur 1, stealthy
paws, no weapons or thrown items, no armour, multi-lived
a: no special abilities


You were on level 4 of the Dungeon.
You visited 1 branch of the dungeon, and saw 4 of its levels.

You collected 179 gold pieces.

Inventory:

Jewellery
 l - an amulet of magic regeneration (around neck)
Wands
 g - a wand of roots (7)
Scrolls
 b - 4 scrolls of teleportation
 c - a scroll of immolation
 e - 2 scrolls of fear
 f - a scroll of noise {unknown}
 j - a scroll of identify
Potions
 a - a potion of magic
 d - a potion of haste {unknown}
 m - a potion of cancellation


   Skills:
 - Level 2.6 Dodging
 - Level 2.6 Stealth
 + Level 3.4 Spellcasting
 + Level 3.8 Transmutations
 + Level 4.6 Poison Magic


You had 4 spell levels left.
You knew the following spells:

 Your Spells              Type           Power      Damage    Failure   Level
a - Sting                 Tmut/Pois      76%        1d6       2%          1
b - Poisonous Vapours     Pois/Air       24%        N/A       9%          2
c - Mephitic Cloud        Conj/Pois/Air  9%         N/A       24%         3

Your spell library contained the following spells:

 Spells                   Type           Power      Damage    Failure   Level
 Olgreb's Toxic Radiance  Pois           20%        N/A       22%         4
 Tukima's Dance           Hex            3%         N/A       41%         3
 Blade Hands              Tmut           8%         N/A       63%         5
 Conjure Ball Lightning   Conj/Air       1%         3x3d6     100%        6
 Starburst                Conj/Fire      1%         6d3       100%        6
 Discord                  Hex            1%         N/A       100%        8
 Ignition                 Fire           1%         3d3       100%        8
 Lehudib's Crystal Spear  Conj/Erth      1%         10d2      100%        8
 Portal Projectile        Hex/Tloc       Unusable   N/A       N/A         3

Dungeon Overview and Level Annotations

Branches:
Dungeon (4/15)
 Temple: D:4-7

Altars:


Innate Abilities, Weirdness & Mutations

You have sharp claws.
You have razor-sharp teeth.
You have supernaturally acute eyesight. (SInv)
You cover ground quickly. (Speed+)
You are covered in fur. (AC +1)
Your paws help you pounce on unaware monsters.
You are incapable of wielding weapons or throwing items.
You cannot wear armour.
You gain extra lives every three experience levels.


Message History

Aiming: Sting (safe; 2% risk of failure)
Press: ? - help, Q - select action, (/) - cycle Shift-Dir - straight line, f/p - orc
Aim: an orc, wielding a +0 flail (moderately wounded, poisoned, 74% to hit)
The sting hits the orc.
The orc looks even sicker.
The orc is severely wounded.
The orc completely misses you.
Aiming: Sting (safe; 2% risk of failure)
Press: ? - help, Q - select action, (/) - cycle Shift-Dir - straight line, f/p - orc
Aim: an orc, wielding a +0 flail (almost dead, very poisoned, 74% to hit)
The sting misses the orc.
You kill the orc!
You start resting.
Magic restored.
You start resting.
An orc priest is nearby!
Aiming: Sting (safe; 2% risk of failure)
Press: ? - help, Q - select action, (/) - cycle Shift-Dir - straight line, f - orc priest
Aim: an orc priest, wielding a +0 whip and wearing a +0 leather armour (moderately wounded, 74% to hit)
The sting hits the orc priest.
The orc priest is poisoned.
The orc priest is heavily wounded.
Aiming: Sting (safe; 2% risk of failure)
Press: ? - help, Q - select action, (/) - cycle Shift-Dir - straight line, f/p - orc priest
Aim: an orc priest, wielding a +0 whip and wearing a +0 leather armour (heavily wounded, poisoned, 74% to hit)
The sting misses the orc priest.
Aiming: Sting (safe; 2% risk of failure)
Press: ? - help, Q - select action, (/) - cycle Shift-Dir - straight line, f/p - orc priest
Aim: an orc priest, wielding a +0 whip and wearing a +0 leather armour (heavily wounded, poisoned, 74% to hit)
The sting hits the orc priest but does no damage.
The orc priest looks even sicker.
The orc priest is heavily wounded.
The orc priest completely misses you.
Aiming: Sting (safe; 2% risk of failure)
Press: ? - help, Q - select action, (/) - cycle Shift-Dir - straight line, f/p - orc priest
Aim: an orc priest, wielding a +0 whip and wearing a +0 leather armour (heavily wounded, very poisoned, 74% to hit)
The sting hits the orc priest.
The orc priest looks even sicker.
The orc priest is severely wounded.
The orc priest invokes the aid of Beogh against you.
Beogh smites you!
Ouch! That really hurt!
You die...

..............
..h.......... .
............ ..
........... o..
o........# ....
.oo......
.....####........
#....@#)#..#
####.)o.#..#
#####.#..###..
#............#
#............#
##............
#............
##...........
#...........


You could see an orc priest (very poisoned) and an orc.

Vanquished Creatures
  An ogre (D:4)
  An orc priest (D:3)
  2 iguanas
  An orc wizard (D:3)
  Robin (D:3)
  2 adders
  An ufetubus (D:4)
  A worm (D:2)
  5 orcs
  2 ball pythons
  5 bats
  7 endoplasms
  4 giant cockroaches
  9 goblins
  12 hobgoblins
  A quokka (D:2)
  3 frilled lizards
  5 kobolds
  8 rats
71 creatures vanquished.

Notes
Turn   | Place    | Note
-------+----------+-------------------------------------------
     0 | D:1      | raph the Felid Venom Mage began the quest for the Orb.
     0 | D:1      | Reached XP level 1. HP: 7/7 MP: 4/4
   144 | D:1      | Reached skill level 3 in Poison Magic
   302 | D:1      | Reached XP level 2. HP: 11/11 MP: 3/6
   440 | D:1      | Learned a level 2 spell: Poisonous Vapours
  1202 | D:2      | Reached XP level 3. HP: 9/14 MP: 2/7
  1206 | D:2      | Learned a level 3 spell: Mephitic Cloud
  2409 | D:3      | Noticed Robin
  2560 | D:3      | Killed Robin
  2561 | D:3      | Reached XP level 4. HP: 12/18 MP: 4/8
  2748 | D:3      | Got the Grimoire of the Radiant Burn
  2969 | D:3      | Killed from afar by an orc priest
  2970 | D:3      | Reached XP level 3. HP: -4/14 MP: 2/7
  3000 | D:3      | Reached skill level 4 in Poison Magic
  3000 | D:3      | Reached XP level 4. HP: 18/18 MP: 6/8
  3350 | D:4      | Reached XP level 5. HP: 10/21 MP: 5/10
  3721 | D:4      | Noticed an ogre
  3728 | D:4      | Killed an ogre
  3789 | D:4      | Killed from afar by an orc priest

Illustrated notes

Levels and vault maps discovered:
D:1:      scummos_arrival_gate, layout_basic
D:2:      layout_basic
D:3:      layout_loops_ring, uniq_robin
D:4:      layout_cave_pods, kennysheep_mini_moat

Skill      XL: |  1  2  3  4 |
---------------+-------------+-----
Poison Magic   | 3 4 |  4.6
Transmutations | 2 3 |  3.8
Spellcasting   | 3 |  3.4
Dodging        | |  2.6
Stealth        | |  2.6

Action                     |  1- 3 |  4- 6 || total
---------------------------+-------+-------++-------
  Melee: Unarmed           |    17 |    10 ||    27
         Bite              |     3 |     1 ||     4
         Punch             |     1 |       ||     1
   Cast: Sting             |    58 |    40 ||    98
         Poisonous Vapours |    31 |    27 ||    58
         Mephitic Cloud    |     1 |     4 ||     5
    Use: Scroll            |    10 |       ||    10
 Armour: Skin              |     1 |       ||     1
  Dodge: Dodged            |    24 |    14 ||    38
